 Dungeon Crawl Stone Soup version 0.27-a0-54-g64bdb92e38 (webtiles) character file.

Game seed: 11087711617322309033

476 kae the Ruffian (level 6, 0/49 HPs)
             Began as a Demonspawn Gladiator on Jan 7, 2021.
             Slain by Duvessa
             ... wielding a +0 short sword of venom
              (2 damage)
             ... on level 5 of the Dungeon.
             The game lasted 00:01:32 (2297 turns).

kae the Ruffian (Demonspawn Gladiator)              Turns: 2297, Time: 00:01:32

Health: 0/49       AC:  6    Str: 16    XL:     6   Next: 85%
Magic:  6/6        EV: 13    Int:  9    God:
Gold:   165        SH:  4    Dex: 15    Spells: 5/5 levels left

rFire    . . .     SeeInvis .     - Unarmed
rCold    . . .     Faith    .   (no shield)
rNeg     . . .     Spirit   .   a - +0 leather armour
rPois    .         Reflect  .   b - +0 helmet
rElec    .         Harm     .   (no cloak)
rCorr    .         Rampage  .   j - +1 pair of gloves
Will     .....                  (no boots)
Stlth    +.........             (no amulet)
HPRegen  0.16/turn              (no ring)
MPRegen  0.10/turn              (no ring)

@: lethally poisoned (0 -> -31)
A: large bone plates 1, demonic guardian 1, powered by death 1
a: no special abilities


You were on level 5 of the Dungeon.
You visited 1 branch of the dungeon, and saw 6 of its levels.

You collected 165 gold pieces.

Inventory:

Missiles
 c - 3 throwing nets (quivered)
Armour
 a - a +0 leather armour (worn)
 b - a +0 helmet (worn)
 j - a +1 pair of gloves (worn)
Jewellery
 l - a +4 ring of slaying
Wands
 q - a wand of random effects (9)
Scrolls
 d - a scroll of teleportation {unknown}
 g - 2 scrolls of identify
 n - a scroll of blinking {unknown}
 p - a scroll of noise {unknown}
 r - a scroll of fear {unknown}
Potions
 e - a potion of flight {unknown}
 f - 2 potions of curing
 h - a potion of brilliance {unknown}
 i - 2 potions of heal wounds {unknown}
 k - a potion of resistance {unknown}
 m - 2 potions of might {unknown}
 o - a potion of haste {unknown}


   Skills:
 + Level 4.5 Fighting
 - Level 1.7 Throwing
 - Level 2.6 Dodging
 * Level 6.0 Unarmed Combat


You had 5 spell levels left.
You didn't know any spells.
Your spell library contained the following spells:

 Spells                   Type           Power        Failure   Level
 Magic Dart               Conj           0%           45%         1
 Blink                    Tloc           N/A          58%         2
 Call Imp                 Summ           0%           58%         2
 Searing Ray              Conj           0%           58%         2
 Slow                     Hex            0%           58%         2
 Conjure Flame            Conj/Fire      0%           83%         3
 Dazzling Flash           Conj/Hex       0%           83%         3
 Mephitic Cloud           Conj/Pois/Air  0%           83%         3
 Fulminant Prism          Conj/Hex       0%           99%         4
 Iskenderun's Mystic Bla  Conj/Tloc      0%           99%         4


Dungeon Overview and Level Annotations

Branches:
Dungeon (6/15)
 Temple: D:4-7

Altars:

Shops:
D:5 (

Annotations:
D:5 Dowan, Duvessa
D:6 3 runed translucent doors


Innate Abilities, Weirdness & Mutations

You are partially covered in large bone plates. (SH +4)
A weak demonic guardian rushes to your aid.
You regenerate a little health from kills.


Message History

Dowan gestures at you while chanting. The puff of flame misses you.
* * * LOW HITPOINT WARNING * * *
You feel very sick.
Dowan says, "Magic and the sword, together, will defeat you."
Dowan barely misses you. You block Duvessa's attack.
There is a stone staircase leading down here.
You can't go up here!
* * * LOW HITPOINT WARNING * * *
You feel very sick. You block Duvessa's attack.
Dowan hits you but does no damage.
You climb downwards.
* * * LOW HITPOINT WARNING * * *
You feel very sick.
There is a stone staircase leading up here.
You barely miss Dowan.
* * * LOW HITPOINT WARNING * * *
You feel very sick.
Duvessa hits you with a +0 short sword of venom.
You die...

####......##.###................
#.......########.......#......
#........###.........#####....
###..........#.........####.....
##.###.....................#.....
.#...........###................#
............###..............##.#
.............###e#...........#...
###...#........#@#............##.
##..##...#...#e....##...#...##.
####....##..#....###...##.....
##......##....#####...##..[..
#.#.....#........###.........
##.......##...................
###...............###..##.......
##.#..####..#..#...####..#..#....
#.....###...#..#>..##.......##...


You could see Duvessa (fast) and Dowan.

Vanquished Creatures
  A bullfrog (D:6)
  A vampire bat (D:5)
  A howler monkey (D:5)
  A bullfrog zombie (D:6)
  A centaur skeleton (D:5)
  A worker ant (D:5)
  A killer bee zombie (D:5)
  An adder (D:2)
  A worm (D:2)
  2 fire bats (D:5)
  A leopard gecko (D:2)
  4 orcs (D:6)
  2 spectral bats (D:5)
  3 bat skeletons (D:5)
  A bat zombie (D:5)
  3 giant cockroaches
  2 goblins
  6 hobgoblins (D:3)
  A quokka (D:2)
  11 bats
  A bat simulacrum (D:5)
  A frilled lizard (D:2)
  3 kobolds
  6 rats
56 creatures vanquished.

Vanquished Creatures (collateral kills)
  3 bullfrogs (D:6)
  A fire bat (D:5)
4 creatures vanquished.

Grand Total: 60 creatures vanquished

Notes
Turn   | Place    | Note
-------+----------+-------------------------------------------
     0 | D:1      | kae the Demonspawn Gladiator began the quest for the Orb.
     0 | D:1      | Reached XP level 1. HP: 16/16 MP: 1/1
   172 | D:1      | You fall into a shaft and drop 1 floor!
   184 | D:2      | Reached skill level 3 in Unarmed Combat
   184 | D:2      | Gained mutation: A weak demonic guardian rushes to your
                  | aid. [demonic ancestry]
   184 | D:2      | Reached XP level 2. HP: 16/22 MP: 2/2
   552 | D:2      | You fall into a shaft and drop 1 floor!
   560 | D:3      | Gained mutation: You are partially covered in large bone
                  | plates. (SH +4) [demonic ancestry]
   560 | D:3      | Reached XP level 3. HP: 27/28 MP: 3/3
   810 | D:3      | You fall into a shaft and drop 3 floors!
   834 | D:6      | Found a runed translucent gate.
   835 | D:6      | Found a runed translucent gate.
   836 | D:6      | Found a runed translucent gate.
   846 | D:6      | Noticed a bullfrog
   852 | D:6      | Killed a bullfrog
   853 | D:6      | Reached skill level 4 in Unarmed Combat
   853 | D:6      | Reached XP level 4. HP: 35/35 MP: 4/4
   864 | D:6      | Noticed a bullfrog
   873 | D:6      | Killed a bullfrog
   998 | D:6      | Noticed a bullfrog
  1006 | D:6      | Killed a bullfrog
  1007 | D:6      | Gained mutation: You regenerate a little health from kills.
                  | [demonic ancestry]
  1007 | D:6      | Reached XP level 5. HP: 25/41 MP: 5/5
  1305 | D:6      | Reached skill level 5 in Unarmed Combat
  1426 | D:6      | Noticed a yak
  1426 | D:6      | Noticed a yak
  1427 | D:6      | Noticed a yak
  1427 | D:6      | Noticed a yak
  1427 | D:6      | Noticed a yak
  1428 | D:6      | Noticed a yak
  1441 | D:5      | Entered Level 5 of the Dungeon
  1463 | D:5      | Reached XP level 6. HP: 47/48 MP: 6/6
  1930 | D:5      | Found Meoboyrgh's Antique Weapon Shop.
  2136 | D:5      | Reached skill level 6 in Unarmed Combat
  2273 | D:4      | Noticed Dowan
  2275 | D:4      | Noticed Duvessa
  2297 | D:5      | HP: 2/49 [poisoned by Duvessa]
  2297 | D:5      | Slain by Duvessa

Illustrated notes

Levels and vault maps discovered:
D:1:      dpeg_arrival_triangle_fractal, layout_basic, minmay_heptomino_l4
D:2:      layout_rooms, nicolae_overflow_hidden_temple, serial_curves,
          eino_curves_02, eino_curves_02, eino_curves_04, eino_curves_02
D:3:      layout_basic, lemuel_crystal_altar, minivault_26
D:4:      layout_loops_corners, regret_index_temple_of_mockery,
          nemelex_xobeh_ov_fountains_minmay, lemuel_doored_altar, temple_pool_b,
          nicolae_underground_beach, uniq_duvessa
D:5:      layout_cave_pools, serial_shops, shop_statue, goddamned_bats
D:6:      layout_gridville, ebering_ghost_rock_garden, minmay_manual_mullet

Skill      XL: |  1  2  3  4  5  6 |
---------------+-------------------+-----
Unarmed Combat | 3 4 5 6 |  6.0
Fighting       | 3 4 |  4.5
Throwing       | |  1.7
Dodging        | |  2.6

Action                   |  1- 3 |  4- 6 || total
-------------------------+-------+-------++-------
Melee: Unarmed           |    97 |   169 ||   266
       Punch             |     3 |     3 ||     6
  Use: Scroll            |     4 |       ||     4
 Stab: Distracted        |     1 |     1 ||     2
       Sleeping          |       |     1 ||     1
Armor: Leather armour    |    21 |    77 ||    98
Dodge: Dodged            |    47 |   167 ||   214
Block: Other             |     6 |    50 ||    56

Table legend: (Time is in decaauts)
 A = Elapsed time spent in this place.
 B = Non-inter-level travel time spent in this place.
 C = Inter-level travel time spent in this place.
 D = Time resting spent in this place.
 E = Time spent auto-exploring this place.
 F = Levels seen in this place.
 G = Mean time per level.
                   A        B        C        D        E       F      G
               +--------+--------+--------+--------+--------+-----+--------+
         Total |   2277 |   2255 |     22 |    206 |   1617 |   6 |  379.5 |
       Dungeon |   2277 |   2255 |     22 |    206 |   1617 |   6 |  379.5 |
               +--------+--------+--------+--------+--------+-----+--------+

Top non-repeatable levels by time:
     D:5: 822 daAuts
     D:6: 630 daAuts
     D:2: 376 daAuts
     D:3: 255 daAuts
     D:1: 171 daAuts
     D:4: 20 daAuts
